 Dungeon Crawl Stone Soup version 0.27-a0-1202-ge72e49191c (webtiles) character file.

Game seed: 2319982526368296559

46 deadmanwalking the Sneak (level 3, 0/24 HPs)
             Began as a Vampire Enchanter on June 2, 2021.
             Slain by a kobold
             ... wielding a +0 dagger
              (3 damage)
             ... on level 3 of the Dungeon.
             The game lasted 00:08:12 (1437 turns).

deadmanwalking the Sneak (Vampire Enchanter)        Turns: 1437, Time: 00:08:12

Health: 0/24       AC:  2    Str:  7    XL:     3   Next: 46%
Magic:  1/6        EV: 12    Int: 18    God:
Gold:   130        SH:  0    Dex: 14    Spells: 0/6 levels left

rFire    . . .     SeeInvis +   a - +1 dagger
rCold    . . .     Faith    .   (no shield)
rNeg     . . .     Spirit   .   b - +0 robe
rPois    .         Reflect  .   (no helmet)
rElec    .         Harm     .   (no cloak)
rCorr    .         Rampage  .   (no gloves)
Will     .....                  (no boots)
Stlth    +++.......             (no amulet)
HPRegen  0.28/turn              (no ring)
MPRegen  0.10/turn              (no ring)

@: lethally poisoned (0 -> -3), healing quickly
A: alive, fangs 3, see invisible, vampiric 2
a: Exsanguinate


You were on level 3 of the Dungeon.
You visited 1 branch of the dungeon, and saw 4 of its levels.

You collected 130 gold pieces.

Inventory:

Hand Weapons
 a - a +1 dagger (weapon)
Missiles
 c - 27 stones
 g - 16 sling bullets
Armour
 b - a +0 robe (worn)
Scrolls
 f - a scroll of acquirement {unknown}
 h - a scroll of magic mapping {unknown}
 i - a scroll of amnesia {unknown}
Potions
 e - a potion of mutation {unknown}


   Skills:
 + Level 2.0 Short Blades
 - Level 2.1 Dodging
 - Level 5.0 Stealth
 + Level 2.4 Spellcasting
 + Level 5.0 Hexes
 + Level 0.8 Ice Magic


You couldn't memorise any spells.
You knew the following spells:

 Your Spells              Type           Power      Damage    Failure   Level
a - Corona                Hex            22%        N/A       2%          1
b - Ensorcelled Hibernat  Hex/Ice        24%        N/A       8%          2
c - Tukima's Dance        Hex            20%        N/A       7%          3

Your spell library contained the following spells:

 Spells                   Type           Power      Damage    Failure   Level
 Confusing Touch          Hex            20%        N/A       7%          3
 Dazzling Flash           Conj/Hex       22%        N/A       19%         3


Dungeon Overview and Level Annotations

Branches:
Dungeon (4/15)
 Temple: D:4-7

Altars:
Lugonu

Shops:
D:1 (

Portals:
Abyss: D:3


Innate Abilities, Weirdness & Mutations

Your natural rate of healing is accelerated.
You have razor-sharp teeth.
You have supernaturally acute eyesight. (SInv)
You are afflicted with vampirism and can become a bat while bloodless.


Message History

Confirm with . or Enter, or press ? or * to list all spells.
Aiming: Corona (safe; 2% risk of failure)
Press: ? - help, Shift-Dir - straight line, f/p - adder
Aim: an adder (heavily wounded, chance to affect: 67%)
The adder is outlined in light.
You feel sick. The adder misses you.
You hit the adder.
The adder is almost dead.
The adder bites you but does no damage.
You hit the adder.
You kill the adder!
You feel sick.
The kobold throws a poisoned dart.
The poisoned dart hits you!
You are more poisoned.
Your Short Blades skill increases to level 2!
Your Hexes skill increases to level 5!
Casting: Corona (safe; 2% risk of failure)
Confirm with . or Enter, or press ? or * to list all spells.
Aiming: Corona (safe; 2% risk of failure)
Press: ? - help, Shift-Dir - straight line, f - kobold
Aim: a kobold, wielding a +0 dagger and quivering poisoned darts (chance to affect: 75%)
The kobold is outlined in light.
You feel very sick.
You closely miss the kobold. Your bite misses the kobold.
You feel sick. The kobold hits you with a +0 dagger.
You hit the kobold.
The kobold is moderately wounded.
You feel sick. The kobold hits you with a +0 dagger.
* * * LOW HITPOINT WARNING * * *
You closely miss the kobold.
The kobold is moderately wounded.
You feel sick. The kobold hits you with a +0 dagger.
* * * LOW HITPOINT WARNING * * *
You hit the kobold but do no damage.
The kobold is moderately wounded.
* * * LOW HITPOINT WARNING * * *
You feel sick.
You barely miss the kobold.
The kobold is moderately wounded.
* * * LOW HITPOINT WARNING * * *
You feel sick. The kobold hits you with a +0 dagger.
You die...

######
#.....########.(
#.....>K@..........
#......#######.....
#......#######.....
#........#...#.....
#.....K#...........
#.....#...#.#.....
#.............# ###
#.....#......## ..
##+#.#...###..#.#


You could see a kobold (corona).

Vanquished Creatures
  An adder (D:3)
  2 bats (D:1)
  6 endoplasms (D:1)
  A giant cockroach (D:1)
  3 goblins
  3 hobgoblins
  2 jackals (D:1)
  4 quokkas (D:1)
  2 ball pythons
  A frilled lizard (D:1)
  5 kobolds
  A rat (D:1)
  A lurking horror (D:3)
32 creatures vanquished.

Vanquished Creatures (others)
  5 toadstools (D:1)
5 creatures vanquished.

Grand Total: 37 creatures vanquished

Notes
Turn   | Place    | Note
-------+----------+-------------------------------------------
     0 | D:1      | deadmanwalking the Vampire Enchanter began the quest for
                  | the Orb.
     0 | D:1      | Reached XP level 1. HP: 13/13 MP: 3/3
   158 | D:1      | Found Xeplex's Antique Weapon Boutique.
   338 | D:1      | Reached XP level 2. HP: 12/19 MP: 5/5
   453 | D:1      | Learned a level 2 spell: Ensorcelled Hibernation
  1038 | D:1      | Gained mutation: You are afflicted with vampirism and can
                  | become a bat while bloodless. [Vampire growth]
  1038 | D:1      | Reached XP level 3. HP: 19/24 MP: 3/6
  1042 | D:1      | Learned a level 3 spell: Tukima's Dance
  1135 | D:1      | Reached skill level 5 in Stealth
  1203 | D:2      | You fall into a shaft and drop 2 floors!
  1408 | D:3      | Found a one-way gate to the infinite horrors of the Abyss.
  1408 | D:3      | Found a corrupted altar of Lugonu.
  1432 | D:3      | Reached skill level 5 in Hexes
  1437 | D:3      | Slain by a kobold

Illustrated notes

Levels and vault maps discovered:
D:1:      ebering_hopf_link, layout_loops_cross, serial_shops, shop,
          hangedman_decor_slide_cut, minmay_gold_behind_fungi,
          nrook_loot_triangle
D:2:      layout_loops_corners, basic_ecumenical_altar, serial_park_tiny_1,
          chequers_serial_rivers_micro_c, minmay_hexomino_f4, uniq_natasha,
          uniq_terence
D:3:      layout_basic, amcnicky_altar_lugonu_corruption
D:4:      layout_rooms

Skill      XL: |  1  2  3 |
---------------+----------+-----
Stealth        | 5 |  5.0
Short Blades   | 2 |  2.0
Hexes          | 5 |  5.0
Dodging        | |  2.1
Spellcasting   | |  2.4
Ice Magic      | |  0.8

Action                   || total
-------------------------++-------
Melee: Dagger            ||   124
       Bite              ||    10
 Cast: Corona            ||    15
       Ensorcelled Hiber ||    16
  Use: Scroll            ||     1
       Potion            ||     1
 Stab: Sleeping          ||    15
Armor: Robe              ||    22
Dodge: Dodged            ||    77

Table legend: (Time is in decaauts)
 A = Elapsed time spent in this place.
 B = Non-inter-level travel time spent in this place.
 C = Inter-level travel time spent in this place.
 D = Time resting spent in this place.
 E = Time spent auto-exploring this place.
 F = Levels seen in this place.
 G = Mean time per level.
                   A        B        C        D        E       F      G
               +--------+--------+--------+--------+--------+-----+--------+
         Total |   1429 |   1393 |     36 |     59 |    882 |   4 |  357.2 |
       Dungeon |   1429 |   1393 |     36 |     59 |    882 |   4 |  357.2 |
               +--------+--------+--------+--------+--------+-----+--------+

Top non-repeatable levels by time:
     D:1: 1173 daAuts
     D:4: 192 daAuts
     D:3: 38 daAuts
     D:2: 24 daAuts
